 BcadrenCrawl: Boulder Brew version 0.06-684-g4aa1d9d661 (webtiles) character file.

Game seed: 2487597351982874897

29 stonewall the Covered (level 3, -4/40 HPs) Goblin Fighter. Began on Dec 1, 2022. Slain by a big kobold (6 damage) ... on level 1 of the Dungeon. The game lasted 00:01:23 (521 turns).

stonewall the Covered (Goblin Fighter)               Turns: 521, Time: 00:01:24

Health: -4/40      AC:  3    Str: 15    XL:     3 ^: 27
Magic:  1/1        EV: 12    Int:  2    God:
Gold:   37         SH:  1    Dex:  6    Spells: 2/2 levels left

rFire    . . .     Slash    .   a - +0 flail
rCold    . . .     Pierce   .   c - +0 buckler
rNeg     . . .     Bludgeon .   b - +0 scale mail
rCorr    . . .     Vision   .   (no helmet)
rPois    .         Gourm    .   (no cloak)
rElec    .         Faith    .   (no gloves)
MR       .....     Spirit   .   (no boots)
HPRegen  0.23/turn Reflect  .   (no amulet)
MPRegen  0.11/turn Harm     .   (no ring)
Stlth    ..........             (no ring)

@: mighty, corroded
A: small, stagnant stats, goblin's greed, low mp 1, mutation resistance 1, god's
pity 2, soft flesh
a: no special abilities


You were on level 1 of the Dungeon.
You were not hungry.

You visited 1 branch of the dungeon, and saw 2 of its levels.

You collected 30 gold pieces.

Inventory:

Weapons
 a - a +0 flail (weapon) Shields
 c - a +0 buckler (shield)
Armour
 b - a +0 scale mail (worn)
Scrolls
 e - 3 scrolls of fear
 h - a scroll of enchantment
Comestibles
 f - 4 rations
 g - 4 chunks of flesh


   Skills:
 + Level 4.3 Fighting
 * Level 3.6 Whips & Flails
 + Level 4.4 Armour
 + Level 4.3 Shields


You had 2 spell levels left.
You didn't know any spells.
Your spell library was empty.

Dungeon Overview and Level Annotations

Branches:
Dungeon (2/8)

Altars:


Innate Abilities, Weirdness & Mutations

Your stats never grow through leveling.
You are small and have problems with some larger weapons.
Your goblin ancestry allows you to find more gold. (+20 %)
Your magical capacity is low. (-15% MP)
You are somewhat resistant to further mutation.
The pity of the gods increases the power of your passive and invoked divine abilities.
((Your soft flesh is weak to deep cuts.
Heavy manmade armour will nullify this weakness. (rSlashing-)))


Message History

The big kobold hits you but does no damage.
The kobold hits you with a +2 whip of caustic ooze (3).
You are splashed with acid (4).
The big kobold hits you (4).
You barely miss the big kobold.
The big kobold is lightly wounded. (24/26) HP The kobold barely misses you.
The big kobold hits you (2). The kobold hits you but does no damage.
You are splashed with acid (7)!
* * * LOW HITPOINT WARNING * * *
You hit the big kobold (6).
The big kobold is moderately wounded. (18/26) HP The big kobold hits you (1).
* * * LOW HITPOINT WARNING * * *
The kobold hits you with a +2 whip of caustic ooze (4).
* * * LOW HITPOINT WARNING * * *
The acid corrodes you!
You are splashed with acid (6).
* * * LOW HITPOINT WARNING * * *
You barely miss the big kobold.
The big kobold is moderately wounded. (18/26) HP The big kobold hits you (6).
You die...

..#........###.....†......
###.........###....†......
.####...............##...#
..##..####.....≈....# ###
......#####....≈>≈.##
........#.#....≈.###
#..............#..#
#.......##...###KK#
###...#.###..##.@##
#.##### #....†.# ###
#.....[.# #...##..# ####
####


You could see a big kobold and a kobold.

Vanquished Creatures
  A cinder newt (D:1)
  2 dart slugs (D:1)
  3 ball pythons (D:1)
  3 goblins (D:1)
  2 hobgoblins (D:1)
  A bat (D:1)
  A kobold (D:1)
  7 rats (D:1)
20 creatures vanquished.

Notes
Turn   | Place    | Note
-------+----------+-------------------------------------------
     0 | D:1      | stonewall the Goblin Fighter began the quest for the Orb.
     0 | D:1      | Reached XP level 1. HP: 24/24 MP: 0/0
   148 | D:1      | Reached XP level 2. HP: 9/32 MP: 0/0
   384 | D:1      | Reached XP level 3. HP: 20/40 MP: 1/1
   509 | D:2      | Noticed a big kobold
   520 | D:1      | HP: 2/40 [acid[a big kobold] (6)]
   521 | D:1      | Slain by a big kobold

Illustrated notes

Levels and vault maps discovered:
D:1:      dpeg_arrival_circle_labyrinth_c, layout_cave_pools,
          portal_sewer_entry_c
D:2:      layout_sewer, sewer_co_tree, first_ration, uniq_terence, uniq_purgy

Skill      XL: |  1 |
---------------+----+-----
Whips & Flails | 3 |  3.6
Fighting       | |  4.3
Armour         | |  4.4
Shields        | |  4.3

Action                   || total
-------------------------++-------
Melee: Flail             ||    42
  Use: Potion            ||     2
Armor: Scale mail        ||    26
Dodge: Dodged            ||    24
